 Dungeon Crawl Stone Soup version 0.24.0-123-gd5b16e6ec5 (webtiles) character file.

Game seed: 6752568698314058342, levelgen mode: deterministic

15733 Amethyst the Spear-Bearer (level 12, -10/96 (97) HPs)
             Began as a Merfolk Gladiator on Jan 24, 2020.
             Was an Elder of Yredelemnul.
             Mangled by a death ooze (11 damage)
             ... summoned by a boggart
             ... in a Gauntlet.
             The game lasted 00:32:32 (10579 turns).

Amethyst the Spear-Bearer (Merfolk Gladiator)      Turns: 10579, Time: 00:32:34

HP:   -10/96 (97)   AC: 18    Str: 27    XL:     12   Next: 30%
MP:   18/18         EV:  9    Int:  9    God:    Yredelemnul [****..]
Gold: 623           SH:  0    Dex: 12    Spells: 11/11 levels left

rFire    . . .     SeeInvis .   S - +8 trident "Lonkain" {flame, Int+4}
rCold    . . .     Gourm    .   (no shield)
rNeg     + . .     Faith    .   P - +0 plate armour
rPois    +         Spirit   .   J - +1 helmet
rElec    +         Reflect  .   V - scarf {cloud immunity}
rCorr    .         Harm     .   y - +0 pair of gloves of Responsibility {rN+}
MR       .....     NoTele   +   m - +0 pair of boots
Stlth    ..........             C - amulet "Bowoosie" {rElec Regen+ Str+8 Int-3 Dex-3}
HPRegen  0.66/turn              L - ring of poison resistance
MPRegen  0.16/turn              i - +2 ring of slaying

@: no status effects
A: change form in water, swift swim, stealthy swim
a: Recall Undead Slaves, Injury Mirror, Animate Dead, Drain Life, Renounce
Religion


You were in a Gauntlet.
You worshipped Yredelemnul.
Yredelemnul was greatly pleased with you.
You were not hungry.

You visited 1 branch of the dungeon, and saw 12 of its levels.
You also visited: Gauntlet.

You collected 623 gold pieces.

Inventory:

Hand Weapons
 a - a +2 trident of venom
 b - a +3 trident
 E - a +0 trident
 S - the +8 trident "Lonkain" (weapon) {flame, Int+4}
   (You found it on level 10 of the Dungeon)

   It has been specially enchanted to burn those struck by it, causing extra
   injury to most foes and up to half again as much damage against particularly
   susceptible opponents.
   It affects your intelligence (+4).
Missiles
 d - 3 throwing nets
 n - 13 boomerangs
 x - 63 poisoned darts (quivered)
Armour
 g - a +0 cloak
 m - a +0 pair of boots (worn)
 y - the +0 pair of gloves of Responsibility (worn) {rN+}
   (You found it on level 5 of the Dungeon)

   It protects you from negative energy.
 z - a +2 pair of gloves
 J - a +1 helmet (worn)
 P - a +0 plate armour (worn)
 Q - a +0 ring mail of magic resistance
 V - a scarf of cloud immunity (worn)
Jewellery
 i - a +2 ring of slaying (right hand)
 w - an uncursed amulet of faith
 C - the amulet "Bowoosie" (around neck) {rElec Regen+ Str+8 Int-3 Dex-3}
   (You found it on level 5 of the Dungeon)

   [amulet of regeneration]

   It affects your strength (+8).
   It affects your intelligence (-3).
   It affects your dexterity (-3).
   It insulates you from electricity.
   It increases your rate of regeneration.
 G - an uncursed ring of magical power
 L - a ring of poison resistance (left hand)
 M - an uncursed ring of fire
 O - an uncursed ring of protection from magic
 W - an uncursed amulet of magic regeneration {unknown}
Wands
 c - a wand of enslavement (3)
 T - a wand of random effects (14)
 U - a wand of flame (18)
 Z - a wand of clouds (4)
Scrolls
 e - 5 scrolls of teleportation
 h - 4 scrolls of remove curse
 l - 3 scrolls of fog
 o - a scroll of noise
 p - 3 scrolls of magic mapping
 s - 2 scrolls of enchant weapon {unknown}
 t - a scroll of blinking {unknown}
 N - 2 scrolls of enchant armour {unknown}
 R - a scroll of torment {unknown}
Potions
 k - 2 potions of ambrosia
 q - a potion of might
 r - 2 potions of cancellation
 u - 2 potions of brilliance
 v - a potion of mutation {unknown}
 A - 2 potions of haste
 B - 2 potions of curing
 D - a potion of degeneration {unknown}
 F - 3 potions of agility
 H - a potion of flight {unknown}
 K - a potion of magic {unknown}
 Y - a potion of berserk rage {unknown}
Miscellaneous
 I - a sack of spiders
 X - a box of beasts
Comestibles
 f - 15 rations


   Skills:
 + Level 9.9 Fighting
 - Level 14.0 Polearms
 * Level 7.2 Throwing
 * Level 8.1 Armour
 - Level 4.0 Dodging
 * Level 8.5 Invocations


You had 11 spell levels left.
You didn't know any spells.
Your spell library contained the following spells:

 Spells                   Type           Power        Failure   Level  Hunger
 Sting                    Conj/Pois      #...         99%         1    ##.....
 Corpse Rot               Necr           N/A          99%         2    ###....
 Poisonous Vapours        Pois/Air       #.....       99%         2    ###....
 Sublimation of Blood     Necr           #.........   99%         2    ###....
 Mephitic Cloud           Conj/Pois/Air  #.......     100%        3    ####...
 Olgreb's Toxic Radiance  Pois           #.......     100%        4    #####..
 Agony                    Necr           #.......     100%        5    ######.
 Bolt of Draining         Conj/Necr      #.........   100%        5    ######.
 Dispel Undead            Necr           #.......     100%        5    ######.
 Excruciating Wounds      Chrm/Necr      #.........   100%        5    ######.
 Venom Bolt               Conj/Pois      #.........   100%        5    ######.


Dungeon Overview and Level Annotations

Branches:
Dungeon (12/15)            Temple (0/1) D:7            Lair (0/6) D:8
    Orc (0/2) D:11        Gauntlet (1/1)

Altars:
Elyvilon
Fedhas
Kikubaaqudgha
Makhleb
Nemelex Xobeh
Qazlal
Sif Muna
Trog
Uskayaw
Vehumet
Xom
Yredelemnul
The Shining One

Annotations:
D:3 exclusion: downstairs
D:9 exclusion: downstairs Gauntlet 15 transporters, 21 runed translucent doors, exclusion: orange crystal statue


Message History

* * * LOW HITPOINT WARNING * * *
You feel much better.
The orc priest disappears in a puff of smoke!
The orc priest calls down the wrath of Beogh upon you.
Beogh smites you!
* * * LOW HITPOINT WARNING * * *
You fail to use your ability.
The orc priest mumbles some strange prayers to Beogh against you.
Beogh smites you!
* * * LOW HITPOINT WARNING * * *
The sixfirhy hits you but does no damage.
The death ooze quivers.
The sixfirhy hits you but does no damage. x2
The death ooze fails to trigger a net trap.
The sixfirhy hits you but does no damage.
The death ooze hits you!
* * * LOW HITPOINT WARNING * * *
You feel your flesh rotting away! The death ooze hits you!
You die...
Your body rises from the dead as a mindless zombie.

##################.#.............
©.#..#.#.^hh.h...#.#..###########
.#..##.#.##...##.#.#..#8# #8# #8#
#..#.#.#..##.##^.#.#..### ### ###
..#..#.#...#.#..?#.#..#
.#..##.#....x#..©#©#..###
#..#.#.#...#.#..)###..#8#
©.#..#.#..##h##J.#....###
.#...#.#.##...##@#....#
#....#.#.....ho3.#..###
######.###########..#8#
©...................###
...................≈#
∩.################### ..# #8# #8#
#8# #8# ∩≈# ### ### ### ### ###


You could see a death ooze, a worldbinder, a sixfirhy, 2 wolves and an orc
priest.

Vanquished Creatures
  A death knight (D:10)
  3 two-headed ogres
  A queen ant (Gauntlet)
  A cyclops (D:12)
  2 kobold demonologists
  2 trolls
  A hippogriff (D:10)
  A vampire (D:11)
  11 yaks
  2 wraiths
  A wyvern (D:11)
  A basilisk (D:8)
  2 hungry ghosts (D:11)
  Menkaure (D:7)
  5 soldier ants
  A water moccasin (D:11)
  4 porcupines (D:8)
  4 orc warriors
  4 ice beasts
  A sky beast (D:8)
  A hornet zombie (D:10)
  4 black bears
  2 necrophages (D:9)
  An eye of draining (D:7)
  2 wolves (D:8)
  3 ogres
  3 phantoms
  9 centaurs
  2 crocodiles (D:8)
  3 big kobolds (D:11)
  2 elf zombies (D:9)
  5 bullfrogs
  A wyvern zombie (D:10)
  5 scorpions
  3 troll zombies
  5 killer bees (D:9)
  3 wights (D:7)
  4 howler monkeys
  2 centaur zombies
  3 bullfrog zombies
  2 crimson imps (D:5)
  8 orc wizards
  3 hounds
  5 iguanas
  12 orc priests
  A bullfrog skeleton (D:5)
  5 human zombies (D:9)
  3 centaur skeletons
  A human skeleton (D:9)
  12 worker ants
  3 ogre zombies (D:11)
  2 hound skeletons
  A mummy (D:9)
  A worker ant zombie (D:5)
  10 gnolls
  2 scorpion zombies (D:10)
  9 adders
  An ooze (D:3)
  4 worms
  3 dart slugs
  4 leopard geckos
  32 orcs
  3 giant cockroaches
  6 goblins
  12 hobgoblins
  10 jackals
  7 quokkas
  5 bats
  4 frilled lizards
  2 goblin skeletons (D:11)
  A goblin zombie (D:11)
  A hobgoblin skeleton (D:11)
  3 hobgoblin zombies (D:11)
  15 kobolds
  2 leopard gecko skeletons
  A leopard gecko zombie (D:5)
  An orc skeleton (D:11)
  6 orc zombies (D:11)
  A quokka zombie (D:5)
  10 rats
326 creatures vanquished.

Vanquished Creatures (collateral kills)
  A centaur zombie (D:11)
  A kobold demonologist (D:11)
  A troll (D:11)
  3 yaks
  A phantom (D:11)
  An eye of draining (D:11)
  An ogre (D:11)
  A crocodile (D:8)
  A scorpion (D:11)
  An orc priest (D:11)
  An orc wizard (D:11)
  An ogre zombie (D:11)
  A shadow imp (D:11)
  2 orcs (D:11)
  4 kobolds (D:11)
  A kobold zombie (D:11)
  5 orc zombies (D:11)
27 creatures vanquished.

Vanquished Creatures (others)
  3 flying skulls (D:11)
  A two-headed ogre skeleton (D:9)
  A yak skeleton (D:10)
  A bullfrog zombie (D:9)
  A soldier ant zombie (Gauntlet)
  A crocodile zombie (D:8)
  A hound zombie (D:12)
  A worker ant zombie (D:9)
  An adder zombie (D:12)
  An adder skeleton (D:11)
  An orc skeleton (D:9)
  An orc zombie (D:9)
  14 plants (Gauntlet)
28 creatures vanquished.

Grand Total: 381 creatures vanquished

Notes
Turn   | Place    | Note
-------+----------+-------------------------------------------
     0 | D:1      | Amethyst the Merfolk Gladiator began the quest for the Orb.
     0 | D:1      | Reached XP level 1. HP: 16/16 MP: 1/1
   139 | D:1      | Reached XP level 2. HP: 22/22 MP: 2/2
   156 | D:1      | Reached skill level 5 in Polearms
   648 | D:2      | HP: 1/23 [bullfrog zombie (3)]
   649 | D:2      | Reached XP level 3. HP: 2/28 MP: 3/3
   950 | D:2      | Found a blossoming altar of Fedhas.
   978 | D:2      | Found a faded altar of an unknown god.
  1027 | D:2      | Reached skill level 1 in Armour
  1027 | D:2      | Reached XP level 4. HP: 34/34 MP: 4/4
  1064 | D:2      | Reached skill level 6 in Polearms
  1296 | D:2      | Noticed a phantom
  1769 | D:3      | You fall into a shaft and drop 1 floor!
  1887 | D:3      | Found a shimmering blue altar of Sif Muna.
  2055 | D:3      | Reached XP level 5. HP: 41/41 MP: 5/5
  2109 | D:3      | Found a bloodstained altar of Trog.
  2398 | D:4      | Noticed an ogre
  2464 | D:4      | Reached skill level 7 in Polearms
  2497 | D:4      | Killed an ogre
  2497 | D:4      | Reached XP level 6. HP: 47/47 MP: 6/6
  2572 | D:4      | Noticed a phantom
  2596 | D:4      | Killed a phantom
  2596 | D:4      | Reached skill level 8 in Polearms
  2645 | D:4      | Reached XP level 7. HP: 49/53 MP: 7/7
  2890 | D:4      | Found an ancient bone altar of Kikubaaqudgha.
  3036 | D:5      | Entered Level 5 of the Dungeon
  3046 | D:5      | Found a stormy altar of Qazlal.
  3092 | D:5      | Found a glowing golden altar of the Shining One.
  3109 | D:5      | Got a pair of distressingly furry gloves
  3115 | D:5      | Identified the cursed +0 pair of gloves of Responsibility
                  | {rN+} (You found it on level 5 of the Dungeon)
  3430 | D:5      | Got a crude iron amulet
  3432 | D:5      | Identified the amulet "Bowoosie" {rElec Regen+ Str+8 Int-3
                  | Dex-3} (You found it on level 5 of the Dungeon)
  4235 | D:6      | Reached skill level 9 in Polearms
  4441 | D:6      | Reached XP level 8. HP: 60/60 MP: 8/8
  4547 | D:6      | Found a hide-covered altar of Uskayaw.
  4722 | D:6      | Found a basalt altar of Yredelemnul.
  4768 | D:6      | Found a sparkling altar of Nemelex Xobeh.
  5001 | D:6      | Found a burning altar of Makhleb.
  5021 | D:6      | Reached skill level 10 in Polearms
  5198 | D:6      | Reached skill level 5 in Fighting
  5311 | D:6      | Became a worshipper of Yredelemnul the Dark
  5446 | D:7      | Reached XP level 9. HP: 68/68 MP: 9/9
  5472 | D:7      | Found a staircase to the Ecumenical Temple.
  5502 | D:7      | Noticed Menkaure
  5535 | D:7      | Reached skill level 11 in Polearms
  5539 | D:7      | Killed Menkaure
  5657 | D:7      | Reached skill level 5 in Armour
  5763 | D:7      | Reached * piety under Yredelemnul
  5979 | D:7      | Reached skill level 12 in Polearms
  6224 | D:8      | Found a shimmering altar of Xom.
  6294 | D:8      | Reached skill level 1 in Invocations
  6407 | D:8      | Reached XP level 10. HP: 77/77 MP: 11/11
  6422 | D:8      | Reached skill level 5 in Throwing
  6424 | D:8      | Found a staircase to the Lair.
  6456 | D:8      | Reached skill level 13 in Polearms
  6589 | D:8      | Found a shimmering altar of Xom.
  6933 | D:8      | Found a radiant altar of Vehumet.
  7127 | D:9      | Reached ** piety under Yredelemnul
  7207 | D:9      | Found a white marble altar of Elyvilon.
  7227 | D:9      | Found a basalt altar of Yredelemnul.
  7228 | D:9      | Noticed a two-headed ogre
  7242 | D:9      | Killed a two-headed ogre
  7321 | D:9      | Noticed a two-headed ogre
  7331 | D:9      | Killed a two-headed ogre
  7392 | D:9      | Reached skill level 5 in Invocations
  7529 | D:9      | Found an ancient bone altar of Kikubaaqudgha.
  7599 | D:9      | Reached skill level 14 in Polearms
  7631 | D:9      | Reached XP level 11. HP: 84/84 MP: 15/15
  7817 | D:10     | Entered Level 10 of the Dungeon
  7921 | D:10     | Noticed a death knight
  8093 | D:10     | Got an ichor-stained trident
  8094 | D:10     | Identified the +8 trident "Lonkain" {flame, Int+4} (You
                  | found it on level 10 of the Dungeon)
  8225 | D:10     | Reached *** piety under Yredelemnul
  8373 | D:10     | Killed a death knight
  8652 | D:10     | Received a gift from Yredelemnul (4 flying skulls)
  8977 | D:11     | Found a staircase to the Orcish Mines.
  9043 | D:11     | Noticed a two-headed ogre
  9049 | D:11     | Killed a two-headed ogre
  9049 | D:11     | Reached **** piety under Yredelemnul
  9052 | D:11     | Received a gift from Yredelemnul (a mummy)
  9202 | D:11     | Received a gift from Yredelemnul (a mummy)
  9481 | D:11     | Received a gift from Yredelemnul (a wight)
  9488 | D:11     | Reached XP level 12. HP: 62/96 MP: 17/17
  9994 | D:12     | Found a gate leading to a gauntlet.
 10010 | Gauntlet | Entered a Gauntlet
 10010 | Gauntlet | Found a transporter.
 10105 | Gauntlet | Found a transporter.
 10115 | Gauntlet | Found a transporter.
 10120 | Gauntlet | Found a transporter.
 10134 | Gauntlet | Noticed a dire elephant
 10135 | Gauntlet | Found a transporter.
 10154 | Gauntlet | Found a transporter.
 10166 | Gauntlet | Found a transporter.
 10166 | Gauntlet | Noticed an entropy weaver
 10172 | Gauntlet | Found a transporter.
 10187 | Gauntlet | Found a transporter.
 10187 | Gauntlet | Noticed a balrug
 10199 | Gauntlet | Found a transporter.
 10201 | Gauntlet | Found the cursed +13 scythe of Curses {drain, *Curse}
 10205 | Gauntlet | Found a transporter.
 10205 | Gauntlet | Found a transporter.
 10216 | Gauntlet | Noticed a death ooze
 10223 | Gauntlet | Found a transporter.
 10237 | Gauntlet | Found a transporter.
 10257 | Gauntlet | Found a transporter.
 10259 | Gauntlet | Found a runed translucent gate.
 10259 | Gauntlet | Found a runed translucent gate.
 10259 | Gauntlet | Found a runed translucent gate.
 10267 | Gauntlet | Found a large runed translucent door.
 10267 | Gauntlet | Found a large runed translucent door.
 10267 | Gauntlet | Found a large runed translucent door.
 10267 | Gauntlet | Found a large runed translucent door.
 10268 | Gauntlet | Found a large runed translucent door.
 10268 | Gauntlet | Found a large runed translucent door.
 10269 | Gauntlet | Found a large runed translucent door.
 10269 | Gauntlet | Found a large runed translucent door.
 10270 | Gauntlet | Found a large runed translucent door.
 10270 | Gauntlet | Found a large runed translucent door.
 10270 | Gauntlet | Found a runed translucent door.
 10270 | Gauntlet | Found a runed translucent door.
 10271 | Gauntlet | Found a large runed translucent door.
 10272 | Gauntlet | Found a large runed translucent door.
 10281 | Gauntlet | Found a large runed translucent door.
 10281 | Gauntlet | Found a large runed translucent door.
 10282 | Gauntlet | Found a large runed translucent door.
 10282 | Gauntlet | Noticed a queen ant
 10283 | Gauntlet | Found a large runed translucent door.
 10285 | Gauntlet | Found a transporter.
 10305 | Gauntlet | Found a transporter.
 10399 | Gauntlet | Found a transporter.
 10514 | Gauntlet | Killed a queen ant
 10579 | Gauntlet | Noticed a death ooze
 10579 | Gauntlet | HP: 1/97 [death ooze[a boggart] (16)]
 10579 | Gauntlet | Mangled by a death ooze

Levels and vault maps discovered:
D:1:      mushboom_english_gardens, layout_loops_ring
D:2:      layout_basic, fedhas_altar_1, chequers_ecumenical_altar_simple_redux
D:3:      layout_rooms, marbit_many_paths, nicolae_overflow_crystal_walls
D:4:      layout_loops_ring, kennysheep_mini_moat
D:5:      layout_loops_ring, tso_metal_star, lemuel_round_altar, first_ration,
          corexii_corridor_pit
D:6:      layout_cave_pods, eat_drink_and_be_merry_uskayaw,
          nemelex_xobeh_ov_fountains_minmay, lemuel_doored_altar,
          makhleb_heckhound_becter
D:7:      layout_basic, minmay_temple_entry_slanted, uniq_menkaure
D:8:      layout_loops_corners, nicolae_overflow_hidden_temple,
          brannock_xom_greatest_gift, minmay_lair_entry_grove, basic_altar
D:9:      layout_roguey, elyvilon_altar_4, basic_altar,
          lemuel_mausoleum_altar_kikubaaqudgha
D:10:     layout_roguey, minmay_radiant
D:11:     layout_irregular_city, zombieorc1_lemuel, st_stairs_7
D:12:     layout_cave_pods, gauntlet_entry_generic, grunt_pizzeria,
          chequers_serial_rivers_marsh
Gauntlet: gammafunk_gauntlet_one_two_three
          [gammafunk_gauntlet_arena_arrow_garden,
          gammafunk_gauntlet_arena_split_x,
          minmay_gauntlet_arena_make_your_own_arena,
          gammafunk_gauntlet_arena_open, nicolae_gauntlet_arena_grate_2,
          nicolae_gauntlet_swirl, nicolae_gauntlet_arena_blocks,
          nicolae_gauntlet_arena_x, gammafunk_gauntlet_arena_spirals,
          nicolae_gauntlet_exit_dead_adventurers]

Skill      XL: |  1  2  3  4  5  6  7  8  9 10 11 12 |
---------------+-------------------------------------+-----
Polearms       | 5 6 7 8 9 10 12 14 | 14.0
Armour         | 1 2 3 4 5 6 7 8 |  8.1
Fighting       | 3 4 5 6 7 9 |  9.9
Throwing       | 3 4 5 6 7 |  7.2
Invocations    | 2 5 7 8 |  8.5
Dodging        | |  4.0

Action                   |  1- 3 |  4- 6 |  7- 9 | 10-12 || total
-------------------------+-------+-------+-------+-------++-------
Melee: Trident           |    64 |   178 |   436 |   564 ||  1242
Throw: Boomerang         |       |    25 |     3 |     7 ||    35
       Dart              |       |       |    42 |    33 ||    75
Invok: Animate Remains   |       |       |     3 |    14 ||    17
       Animate Dead      |       |       |       |    19 ||    19
       Recall Undead Sla |       |       |       |     2 ||     2
  Use: Scroll            |       |       |     1 |    12 ||    13
       Potion            |       |       |       |     1 ||     1
 Stab: Sleeping          |     3 |       |       |       ||     3
       Distracted        |       |       |       |     1 ||     1
  Eat: Chunk             |       |     5 |    14 |    14 ||    33
       Ration            |       |       |       |     3 ||     3
Armor: Leather armour    |     6 |    21 |       |       ||    27
       Ring mail         |       |    24 |    57 |       ||    81
       Chain mail        |       |       |    66 |    45 ||   111
       Plate armour      |       |       |       |   111 ||   111
Dodge: Dodged            |    26 |   111 |   144 |   115 ||   396
